 Dungeon Crawl Stone Soup version 0.21.1-1-g345015f (webtiles) character file.

7801 Rhodenklotz the Bludgeoner (level 11, -4/86 HPs)
             Began as a Minotaur Fighter on June 16, 2018.
             Was a Believer of Trog.
             Slain by Erolcha
             ... wielding a +4 giant spiked club
              (13 damage)
             ... on level 8 of the Dungeon.
             The game lasted 01:02:47 (12748 turns).

Rhodenklotz the Bludgeoner (Minotaur Fighter)      Turns: 12748, Time: 01:02:48

Health: -4/86      AC: 12    Str: 23    XL:     11   Next: 1%
Magic:  13/13      EV:  4    Int:  5    God:    Trog [**....]
Gold:   394        SH: 11    Dex: 14    Spells: 10/10 levels left

rFire    . . .     SeeInvis .   d - +1 morningstar (flame)
rCold    . . .     Gourm    .   c - +1 shield
rNeg     . . .     Faith    .   y - +0 plate armour
rPois    .         Spirit   .   (helmet restricted)
rElec    .         Reflect  .   (no cloak)
rCorr    .         Harm     .   (no gloves)
MR       .....                  (no boots)
Stlth    ..........             (no amulet)
HPRegen  0.24/turn              n - +3 ring of dexterity
MPRegen  0.13/turn              (no ring)

@: about to teleport
A: retaliatory headbutt, horns 2
a: Berserk, Trog's Hand, Burn Spellbooks, Renounce Religion


You were on level 8 of the Dungeon.
You worshipped Trog.
Trog was pleased with you.
You were hungry.

You visited 1 branch of the dungeon, and saw 9 of its levels.

You collected 394 gold pieces.

Inventory:

Hand Weapons
 a - a +1 flail
 d - a +1 morningstar of flaming (weapon)
 l - a +0 hunting sling
 o - a +0 mace of protection
Missiles
 j - 191 stones (quivered)
Armour
 b - a +0 scale mail
 c - a +1 shield (worn)
 y - a +0 plate armour (worn)
Jewellery
 n - a +3 ring of dexterity (left hand)
 q - a cursed ring of teleportation
 w - an uncursed ring of wizardry {unknown}
 x - a cursed amulet of inaccuracy
 C - an uncursed ring of magical power {unknown}
Wands
 i - a wand of polymorph (26)
 r - a wand of iceblast (14)
Scrolls
 e - a scroll of enchant armour
 p - 5 scrolls of remove curse
 s - a scroll of magic mapping
 t - a scroll of fear
 u - 6 scrolls of teleportation
 v - a scroll of enchant weapon
 D - a scroll of vulnerability {unknown}
Potions
 g - 2 potions of curing
 h - 2 potions of flight
 k - 2 potions of agility {unknown}
 m - 2 potions of brilliance
 z - a potion of haste
 A - 2 potions of magic {unknown}
 B - 3 potions of berserk rage {unknown}
Comestibles
 f - 10 rations


   Skills:
 + Level 5.1 Fighting
 + Level 15.6 Maces & Flails
 - Level 5.0(6.0) Slings
 + Level 4.5(5.5) Throwing
 + Level 5.7 Armour
 - Level 0.4 Stealth
 + Level 5.2 Shields
 + Level 5.0 Unarmed Combat
 + Level 4.1 Evocations


You had 10 spell levels left.
You didn't know any spells.

Dungeon Overview and Level Annotations

Branches:
Dungeon (9/15)             Temple (0/1) D:6
   Lair: D:8-11         Orc: D:9-12

Altars:
Cheibriados
Dithmenos
Elyvilon
Hepliaklqana
Makhleb
Nemelex Xobeh
Trog
Vehumet

Shops:
D:8 ?

Annotations:
D:8 Erolcha


Innate Abilities, Weirdness & Mutations

You reflexively headbutt those who attack you in melee.
You have a pair of horns on your head.


Message History

Something hits you.
You climb upwards.
There is a stone staircase leading down here.
You can't go up here!
Unknown command.
Done exploring.
You start resting.
Something hits you!
You start resting.
Something hits you!!
* * * LOW HITPOINT WARNING * * *
You hit something but do no damage. Something hits you!
* * * LOW HITPOINT WARNING * * *
As you read the scroll of teleportation, it crumbles to dust.
You feel strangely unstable.
Unknown command.
Unknown command.
Unknown command.
Your plate armour prevents you from hitting something.
Something hits you!
You die...

# #..)# #.#####.#............# #
#...# #.....#..#.#.#.#.#.#.# #
#...####....#..............##
####...##...####.##.#.#.#.#.#..#
.......##....#...#.............#
......[##...##...##.#.#.#.#.#..#
.......##...<#.........)..>....#
####...###.#.##...#.#.#.#.#.#..#
.......))[)...'{@............###
....######.####...#.#.#.#.#.##
....######.# #..............#
.........#.# #####.#.#.#.#.##
.........#.# #...........#
.........#'#### ##.#.#.#.#.##
##.###........# ###########
##.###........# ##..##........#


There were no monsters in sight!

Vanquished Creatures
  A two-headed ogre (D:8)
  Pikel (D:3)
  Joseph (D:8)
  Prince Ribbit (D:7)
  3 steam dragons (D:8)
  A water moccasin (D:4)
  A sky beast (D:6)
  2 orc warriors
  2 ice beasts
  2 phantoms
  A slave (D:4)
  4 ogres
  2 centaurs
  A big kobold (D:8)
  Blork the orc (D:4)
  3 bullfrogs
  A scorpion (D:8)
  4 killer bees
  A wight (D:8)
  A howler monkey (D:7)
  2 crimson imps (D:7)
  2 jellies
  A gnoll shaman (D:8)
  5 orc priests
  3 hounds
  5 orc wizards
  2 iguanas
  7 worker ants
  A hound skeleton (D:6)
  Robin (D:1)
  A worker ant zombie (D:8)
  11 gnolls
  10 adders
  2 shadow imps
  An ooze (D:2)
  An adder zombie (D:7)
  2 adder skeletons
  2 worms (D:3)
  A dart slug (D:1)
  6 leopard geckos
  24 orcs
  9 giant cockroaches
  18 goblins
  3 hobgoblins (D:1)
  8 jackals
  9 kobolds
  5 quokkas (D:3)
  11 bats
  3 frilled lizards
  9 rats
  13 plants (D:3)
212 creatures vanquished.

Vanquished Creatures (others)
  A slave (D:4)
  Menkaure (D:4)
  An iguana (D:4)
  3 orcs (D:4)
  A frilled lizard (D:4)
  2 plants (D:3)
9 creatures vanquished.

Grand Total: 221 creatures vanquished

Notes
Turn   | Place    | Note
-------+----------+-------------------------------------------
     0 | D:1      | Rhodenklotz the Minotaur Fighter began the quest for the Orb.
     0 | D:1      | Reached XP level 1. HP: 19/19 MP: 0/0
   266 | D:1      | Reached XP level 2. HP: 27/27 MP: 1/1
   573 | D:1      | Reached skill level 3 in Maces & Flails
  1017 | D:1      | Reached XP level 3. HP: 33/33 MP: 2/2
  1282 | D:1      | Reached skill level 4 in Maces & Flails
  1394 | D:2      | Noticed Robin
  1431 | D:1      | Killed Robin
  1432 | D:1      | Reached XP level 4. HP: 24/40 MP: 3/3
  1870 | D:2      | Reached skill level 5 in Maces & Flails
  2161 | D:2      | Found a shadowy altar of Dithmenos.
  2921 | D:3      | Reached skill level 6 in Maces & Flails
  2921 | D:3      | Reached XP level 5. HP: 46/46 MP: 4/4
  3543 | D:3      | Found a white marble altar of Elyvilon.
  4739 | D:4      | Noticed a slave
  4742 | D:4      | Noticed a water moccasin
  4749 | D:4      | Noticed Pikel
  4751 | D:4      | Noticed a slave
  4753 | D:4      | Killed a slave
  4755 | D:4      | Noticed a slave
  4951 | D:3      | Killed Pikel
  4951 | D:3      | Reached skill level 9 in Maces & Flails
  4951 | D:3      | Reached XP level 6. HP: 21/52 MP: 5/5
  4951 | D:3      | Reached XP level 7. HP: 24/59 MP: 6/6
  5281 | D:4      | Noticed Menkaure
  5282 | D:4      | Reached skill level 10 in Maces & Flails
  5291 | D:4      | HP: 2/59 [poisoned by a worker ant]
  6176 | D:4      | Killed Menkaure
  6266 | D:4      | Reached XP level 8. HP: 50/66 MP: 7/7
  6364 | D:4      | Noticed Blork the orc
  6376 | D:4      | Killed Blork the orc
  6376 | D:4      | Reached skill level 11 in Maces & Flails
  6687 | D:4      | Found a faded altar of an unknown god.
  6687 | D:4      | Found a bloodstained altar of Trog.
  6692 | D:4      | Found a sparkling altar of Nemelex Xobeh.
  6722 | D:4      | Became a worshipper of Trog the Wrathful
  7038 | D:4      | Found a faded altar of an unknown god.
  7039 | D:4      | Found a radiant altar of Vehumet.
  7366 | D:5      | Entered Level 5 of the Dungeon
  7489 | D:5      | Found a snail-covered altar of Cheibriados.
  7984 | D:5      | Reached skill level 12 in Maces & Flails
  9074 | D:6      | Reached skill level 13 in Maces & Flails
  9277 | D:6      | Reached XP level 9. HP: 68/71 MP: 8/8
  9287 | D:6      | Reached * piety under Trog
  9510 | D:6      | Found a faded altar of an unknown god.
  9512 | D:6      | Found a staircase to the Ecumenical Temple.
  9775 | D:6      | Reached skill level 14 in Maces & Flails
 10117 | D:7      | Reached ** piety under Trog
 10206 | D:7      | Noticed Prince Ribbit
 10261 | D:7      | Found a hazy altar of Hepliaklqana.
 10354 | D:7      | Killed Prince Ribbit
 10709 | D:7      | Reached skill level 15 in Maces & Flails
 10709 | D:7      | Reached skill level 5 in Slings
 10709 | D:7      | Reached skill level 5 in Unarmed Combat
 10709 | D:7      | Reached XP level 10. HP: 78/78 MP: 8/12
 11952 | D:8      | Noticed a two-headed ogre
 11963 | D:8      | Killed a two-headed ogre
 11963 | D:8      | Reached skill level 5 in Armour
 12179 | D:8      | Reached skill level 5 in Fighting
 12179 | D:8      | Reached skill level 5 in Shields
 12491 | D:8      | Found Akibic's Magic Scroll Boutique.
 12508 | D:8      | Noticed Joseph
 12525 | D:8      | Killed Joseph
 12525 | D:8      | Reached XP level 11. HP: 83/86 MP: 13/13
 12678 | D:9      | Found a burning altar of Makhleb.
 12722 | D:9      | Noticed Erolcha
 12748 | D:8      | Slain by Erolcha

Skill      XL: |  1  2  3  4  5  6  7  8  9 10 |
---------------+-------------------------------+-----
Fighting       | 4 5 |  5.1
Maces & Flails | 3 4 6 9 10 13 15 | 15.6
Slings         | 5 |  5.0
Throwing       | 4 |  4.5
Unarmed Combat | 5 |  5.0
Evocations     | 4 |  4.1
Armour         | 5 |  5.7
Shields        | 5 |  5.2
Stealth        | |  0.4

Action                   |  1- 3 |  4- 6 |  7- 9 | 10-12 || total
-------------------------+-------+-------+-------+-------++-------
Melee: Flail             |   110 |   298 |   274 |     6 ||   688
       Headbutt          |    12 |    92 |    62 |    22 ||   188
       Morningstar       |       |       |       |   118 ||   118
Invok: Burn Spellbooks   |       |       |     2 |       ||     2
  Use: Scroll            |     6 |     4 |     6 |     2 ||    18
       Potion            |       |     3 |     5 |       ||     8
  Eat: Chunk             |     2 |     4 |     3 |     4 ||    13
       Ration            |       |     2 |     4 |     1 ||     7
Armor: Scale mail        |    80 |    35 |    46 |       ||   161
       Plate armour      |       |       |    22 |    58 ||    80
Dodge: Dodged            |    48 |    25 |    40 |    22 ||   135
Block: Shield            |    70 |    48 |   128 |    63 ||   309
